 Dungeon Sprint DCSS version 0.26-a0-940-gf7e0b5f775 (webtiles) character file.

Game seed: 11445174118471852297

3385 sahdkjhfkaj the Warrior (level 10, -2/128 HPs)
             Began as an Ogre Berserker on Nov 28, 2020.
             Was a High Priest of Trog.
             Succumbed to a redback's poison
             ... in the Dungeon (Sprint I: "Red Sonja").
             The game lasted 00:03:41 (1278 turns).

sahdkjhfkaj the Warrior (Ogre Berserker)            Turns: 1278, Time: 00:03:41

Health: -2/128     AC:  5    Str: 26    XL:     10   Next: 4%
Magic:  10/10      EV: 10    Int:  8    God:    Trog [*****.]
Gold:   397        SH:  0    Dex:  8    Spells: 9/9 levels left

rFire    . . .     SeeInvis .   a - +0 giant club
rCold    . . .     Faith    .   (shield currently unavailable)
rNeg     . . .     Spirit   .   c - +0 troll leather armour
rPois    .         Reflect  .   (helmet restricted)
rElec    .         Harm     .   (no cloak)
rCorr    .         Rampage  .   (gloves unavailable)
MR       +....     NoTele   +   (boots unavailable)
Stlth    +.........             (no amulet)
HPRegen  0.71/turn              (no ring)
MPRegen  0.12/turn              (no ring)

@: lethally poisoned (-2 -> -26), berserk cooldown, hasted and slowed
A: large, unfitting armour, tough skin 1
a: Berserk, Trog's Hand, Brothers in Arms, Renounce Religion


You were in the Dungeon.
You worshipped Trog.
Trog was extremely pleased with you.
You visited 1 branch You collected 562 gold pieces.
You spent 165 gold pieces at shops.

Inventory:

Hand Weapons
 a - a +0 giant club (weapon)
Armour
 c - a +0 troll leather armour (worn)
Wands
 i - a wand of digging (7)
Scrolls
 h - 2 scrolls of blinking {!r}
Potions
 f - 2 potions of magic {!q}
 g - a potion of berserk rage {!q}


   Skills:
 + Level 16.5 Fighting
 * Level 16.2 Maces & Flails
 - Level 2.6 Dodging


You had 9 spell levels left.
You didn't know any spells.
Your spell library was empty.

Dungeon Overview and Level Annotations

Branches:
Dungeon (1/1)

Altars:
Cheibriados
Dithmenos
Elyvilon
Fedhas
Gozag
Hepliaklqana
Kikubaaqudgha
Makhleb
Nemelex Xobeh
Okawaru
Qazlal
Ru
Sif Muna
Trog
Uskayaw
Vehumet
Wu Jian
Xom
Yredelemnul
Zin
The Shining One
Jiyva
Lugonu

Shops:
D *


Innate Abilities, Weirdness & Mutations

You are too large for most types of armour.
You have tough skin. (AC +1)


Message History

You close the door.
* * * LOW HITPOINT WARNING * * *
You feel very sick.
* * * LOW HITPOINT WARNING * * *
You feel very sick.
* * * LOW HITPOINT WARNING * * *
You feel very sick.
* * * LOW HITPOINT WARNING * * *
You feel very sick.
* * * LOW HITPOINT WARNING * * *
You feel very sick.
* * * LOW HITPOINT WARNING * * *
You feel very sick.
* * * LOW HITPOINT WARNING * * *
You feel very sick.
* * * LOW HITPOINT WARNING * * *
You feel very sick.
* * * LOW HITPOINT WARNING * * *
You feel very sick.
You die...

####################
)..#.)'..#__#..))..#
#..'..#..'..'..#...#
##'#####'#__####...+
#..#...#.####§.#####
####..##(#§≈§.§#§§#
___##'#_§(§§§.§§..#
∩...'..._#)§§§§#@.#
.__##_.#'##+#####+###
___###+#.# #.'$# ####
### ###$# #)# #$# #§#
+§# #§#


There were no monsters in sight!

Vanquished Creatures
  2 centaur warriors (D)
  An oklob plant (D)
  2 kobold demonologists (D)
  A hornet (D)
  A slime creature (D)
  Sigmund (D)
  A yak (D)
  2 redbacks (D)
  A floating eye (D)
  An ogre (D)
  A jelly (D)
  Ijyb (D)
15 creatures vanquished.

Notes
Turn   | Place    | Note
-------+----------+-------------------------------------------
     0 | D        | sahdkjhfkaj the Ogre Berserker began the quest for the Orb.
     0 | D        | Reached XP level 1. HP: 24/24 MP: 1/1
     1 | D        | Noticed Ijyb
     6 | D        | Killed Ijyb
     7 | D        | Reached skill level 5 in Fighting
     7 | D        | Reached skill level 5 in Maces & Flails
     7 | D        | Reached XP level 2. HP: 36/36 MP: 2/2
     7 | D        | Reached XP level 3. HP: 44/44 MP: 3/3
    56 | D        | Noticed an ogre
    63 | D        | Killed an ogre
    64 | D        | Reached XP level 4. HP: 29/57 MP: 4/4
   262 | D        | Noticed Sigmund
   268 | D        | Killed Sigmund
   268 | D        | Reached ** piety under Trog
   269 | D        | Reached skill level 10 in Fighting
   269 | D        | Reached XP level 5. HP: 68/68 MP: 5/5
   269 | D        | Reached XP level 6. HP: 78/78 MP: 6/6
   321 | D        | Found an ornate altar of the Wu Jian Council.
   321 | D        | Found a shimmering blue altar of Sif Muna.
   323 | D        | Found a radiant altar of Vehumet.
   352 | D        | Found Kill's General Store.
   352 | D        | Found an ancient bone altar of Kikubaaqudgha.
   352 | D        | Found a hazy altar of Hepliaklqana.
   352 | D        | Found a stormy altar of Qazlal.
   352 | D        | Found a hide-covered altar of Uskayaw.
   352 | D        | Found a blossoming altar of Fedhas.
   352 | D        | Found a bloodstained altar of Trog.
   352 | D        | Found an iron altar of Okawaru.
   352 | D        | Found a basalt altar of Yredelemnul.
   352 | D        | Found a glowing golden altar of the Shining One.
   352 | D        | Found a snail-covered altar of Cheibriados.
   352 | D        | Found a sacrificial altar of Ru.
   352 | D        | Found a glowing silver altar of Zin.
   352 | D        | Found a shadowy altar of Dithmenos.
   352 | D        | Found a white marble altar of Elyvilon.
   352 | D        | Noticed a yak
   356 | D        | Killed a yak
   447 | D        | Found an opulent altar of Gozag.
   448 | D        | Found a sparkling altar of Nemelex Xobeh.
   456 | D        | Bought a +0 troll leather armour for 165 gold pieces
   486 | D        | Found a burning altar of Makhleb.
   486 | D        | Found a viscous altar of Jiyva.
   486 | D        | Found a shimmering altar of Xom.
   486 | D        | Found a corrupted altar of Lugonu.
   486 | D        | Noticed a slime creature
   490 | D        | Killed a slime creature
   490 | D        | Reached *** piety under Trog
   491 | D        | Reached XP level 7. HP: 91/91 MP: 7/7
   550 | D        | Noticed a kobold demonologist
   550 | D        | Noticed a kobold demonologist
   551 | D        | Noticed a smoke demon
   560 | D        | Killed a kobold demonologist
   561 | D        | Reached XP level 8. HP: 102/102 MP: 8/8
   562 | D        | Killed a kobold demonologist
   562 | D        | Reached **** piety under Trog
   806 | D        | Noticed a centaur warrior
   809 | D        | Noticed a centaur warrior
   824 | D        | Killed a centaur warrior
   825 | D        | Reached XP level 9. HP: 12/114 MP: 9/9
   828 | D        | Killed a centaur warrior
   829 | D        | Reached skill level 15 in Fighting
   829 | D        | Reached skill level 15 in Maces & Flails
   860 | D        | Noticed a hornet
   981 | D        | Paralysed by a hornet for 3 turns
   989 | D        | Killed a hornet
   989 | D        | Reached ***** piety under Trog
  1215 | D        | Noticed an oklob plant
  1221 | D        | Killed an oklob plant
  1259 | D        | Received a gift from Trog
  1263 | D        | Reached XP level 10. HP: 82/128 MP: 10/10
  1275 | D        | HP: 6/128 [poisoned by a redback]
  1277 | D        | HP: 1/128 [poisoned by a redback]
  1278 | D        | Succumbed to a redback's poison

Illustrated notes

Levels and vault maps discovered:
D:        dungeon_sprint_1 [red_sonja_temple_1, red_sonja_temple_small_1]

Skill      XL: |  1  2  3  4  5  6  7  8  9 |
---------------+----------------------------+-----
Fighting       | 5 8 10 12 13 14 16 | 16.5
Maces & Flails | 5 7 9 11 12 14 16 | 16.2
Dodging        | |  2.6

Action                   |  1- 3 |  4- 6 |  7- 9 | 10-12 || total
-------------------------+-------+-------+-------+-------++-------
Melee: Mace              |    10 |       |       |       ||    10
       Giant club        |       |     8 |    40 |       ||    48
Invok: Berserk           |     2 |     3 |     4 |       ||     9
  Use: Potion            |       |     1 |       |     2 ||     3
Armor: Troll leather arm |       |       |    13 |       ||    13
Dodge: Dodged            |     2 |     6 |    13 |       ||    21

Table legend: (Time is in decaauts)
 A = Elapsed time spent in this place.
 B = Non-inter-level travel time spent in this place.
 C = Inter-level travel time spent in this place.
 D = Time resting spent in this place.
 E = Time spent auto-exploring this place.
 F = Levels seen in this place.
 G = Mean time per level.
                   A        B        C        D        E       F      G
               +--------+--------+--------+--------+--------+-----+--------+
         Total |   1356 |   1356 |      0 |   1102 |      0 |   1 | 1356.0 |
       Dungeon |   1356 |   1356 |      0 |   1102 |      0 |   1 | 1356.0 |
               +--------+--------+--------+--------+--------+-----+--------+

Top non-repeatable levels by time:
       D: 1356 daAuts
